 Dungeon Sprint DCSS version 0.17-a0-737-gf0a300a (webtiles) character file.

6632 BluebellGnoll the Warrior (level 11, -1/104 HPs)
             Began as a Formicid Earth Elementalist on May 7, 2015.
             Was the Champion of Makhleb.
             Slain by a death scarab (25 damage)
             ... summoned by a greater mummy
             ... in the Dungeon (Sprint V: "Ziggurat Sprint").
             The game lasted 00:12:39 (703 turns).

BluebellGnoll the Warrior (FoEE)                     Turns: 703, Time: 00:12:40

Health: -1/104     AC: 12    Str: 19      XL:     11   Next: 22%
Magic:  8/23       EV:  8    Int: 24      God:    Makhleb [******]
Gold:   0          SH: 25    Dex: 12 (14) Spells: 5 memorised, 11 levels left

rFire  + + .     SeeInvis +     j - +14 obsidian axe {chop, +Fly Str+3 SInv Curse} (curse)
rCold  . . .     Clarity  +     M - +3 leather armour {rF+} (curse)
rNeg   + + .     SustAb   .     o - +18 shield of the gong {rElec rN+ MR+ EV-5}
rPois  .         Gourm    .     (helmet unavailable)
rElec  +         Spirit   .     (no cloak)
rCorr  .         Warding  .     g - +1 pair of gloves {Str+3}
rMut   .         Stasis   +     (no boots)
MR     ++...                    H - amulet of clarity
Stlth  ++........               O - ring "Ciaweam" {rF+ rN+ Dex+3}
                                q - +6 ring of intelligence (curse)

@: stone skin, mesmerised, very resistant to hostile enchantments, unstealthy
A: permanent stasis, dig shafts and tunnels, four strong arms, antennae 3
a: Dig, Minor Destruction, Lesser Servant of Makhleb, Major Destruction, Greater
Servant of Makhleb, Renounce Religion, Evoke Flight


You were in the Dungeon.
You worshipped Makhleb.
Makhleb was exalted by your worship.
You were not hungry.

You visited 1 branch

Inventory:

Hand weapons
 j - the cursed +14 obsidian axe (weapon) {chop, +Fly Str+3 SInv Curse}
   (You found it in the Dungeon)

   It inflicts extra damage upon your enemies.
   It affects your strength (+3).
   It enhances your eyesight.
   It lets you fly.
   It may re-curse itself when equipped.
   It has a curse placed upon it.
 K - a +5 executioner's axe
Missiles
 a - 20 stones (quivered)
Armour
 b - a +0 robe
 g - a +1 pair of gloves of strength (worn)
 o - the +18 shield of the gong (worn) {rElec rN+ MR+ EV-5}
   (You found it in the Dungeon)

   It affects your evasion (-5).
   It insulates you from electricity.
   It protects you from negative energy.
   It affects your resistance to hostile enchantments.
 M - a cursed +3 leather armour of fire resistance (worn)
Jewellery
 p - a +6 ring of dexterity
 q - a cursed +6 ring of intelligence (left hand)
 r - a +6 ring of intelligence
 s - a +6 ring of strength
 H - an amulet of clarity (around neck)
 O - the ring "Ciaweam" (right hand) {rF+ rN+ Dex+3}
   (You found it in the Dungeon)

   [ring of protection from fire]

   It affects your dexterity (+3).
   It protects you from fire.
   It protects you from negative energy.
Magical devices
 k - a wand of disintegration (7)
 l - a wand of fire (0)
 m - a wand of cold (5)
 n - a wand of draining (5)
Scrolls
 w - 4 scrolls of amnesia
 x - 3 scrolls of recharging
 y - 7 scrolls of fog
 z - a scroll of holy word
 A - 5 scrolls of identify
 B - 5 scrolls of remove curse
 C - 2 scrolls of fear
Potions
 e - 10 potions of curing
 f - 10 potions of heal wounds
 h - 7 potions of magic
 D - a potion of brilliance
 E - 2 potions of invisibility
 F - 2 potions of restore abilities
 G - 4 potions of resistance
 I - 5 potions of agility
 J - 5 potions of might
Books
 c - a book of Geomancy

   Spells                             Type                      Level
   a - Sandblast                      Earth                        1
   b - Stoneskin                      Transmutation/Earth          2
   c - Passwall                       Transmutation/Earth          3
   d - Stone Arrow                    Conjuration/Earth            3
   e - Petrify                        Transmutation/Earth          4
   f - Lee's Rapid Deconstruction     Earth                        5
Miscellaneous
 i - a legendary deck of changes {drawn: 1}
 u - a disc of storms
 N - a sack of spiders
 P - a stone of tremors
Comestibles
 d - 5 bread rations
 t - 42 fruits
 v - 4 meat rations
 L - 3 chunks of flesh


   Skills:
 - Level 15.9 Fighting
 - Level 12.0 Axes
 + Level 9.6 Dodging
 - Level 2.4 Stealth
 - Level 8.0 Spellcasting
 - Level 1.1 Transmutations
 - Level 14.1 Earth Magic


You had 11 spell levels left.
You knew the following spells:

 Your Spells              Type           Power        Failure   Level  Hunger
a - Sandblast             Erth           ######       1%          1    None
b - Stoneskin             Trmt/Erth      #####...     3%          2    None
c - Stone Arrow           Conj/Erth      #####.       10%         3    None
d - Lee's Rapid Deconstr  Erth           ######....   6%          5    #####..
e - Petrify               Trmt/Erth      #####...     24%         4    ##.....


Dungeon Overview and Level Annotations

Branches:
Dungeon (1/1)

Altars:
Ashenzari
Cheibriados
Dithmenos
Elyvilon
Fedhas
Gozag
Kikubaaqudgha
Makhleb
Nemelex Xobeh
Okawaru
Qazlal
Ru
Sif Muna
Trog
Vehumet
Xom
Yredelemnul
Zin
The Shining One
Beogh
Jiyva
Lugonu


Innate Abilities, Weirdness & Mutations

You are under a permanent stasis effect.
You can dig through walls and to a lower floor.
Your four strong arms can wield two-handed weapons with a shield.
You have a pair of large antennae on your head (SInv).


Message History

The death scarab waves its antennae.
The jiangshi claws you. You block the jiangshi's attack.
GONNNNG!
The greater mummy casts a spell.
The death scarab bites you. You block the jiangshi's attack.
BOUMMMMG!
The jiangshi claws you!
* * * LOW HITPOINT WARNING * * *
You are too injured to fight recklessly!
Unknown command.
Unknown command.
Your shield prevents you from hitting the mummy priest.
The mummy priest is severely damaged.
You closely miss the jiangshi.
The jiangshi is moderately damaged.
You slash the death scarab!
The death scarab is heavily damaged.
Visions of slaying the jiangshi flood into your mind.
The death scarab bites you!!
You die...

.©. ▓..8©8..▓
..?).}...▓..3")..▓
▓..s[}[...▓..[43..▓
▓.s.s.....▓.......▓
▓.s.M§....▓...†...▓
▓...§Z....▓.......▓
▓..B.W....▓.......▓
▓.▓MBV..▓.▓{▓...▓.▓
▓...§@M...▓{.{{{..▓
▓▓▓▓▓▓▓▓▓▓▓▓▓▓▓▓▓▓▓
▓..8©8..▓ { {{{
▓...)...▓ {{{
▓..))...▓ ▓.......▓
▓.......▓ ▓.......▓
▓.......▓


You could see a greater mummy, 4 emperor scorpions, a mummy priest, a jiangshi,
a freezing wraith, 2 death scarabs, a mummy and a giant gecko skeleton.

Vanquished Creatures
  A lich (D)
  A deep elf sorcerer (D)
  3 large abominations (D)
  An unseen horror (D)
  A deep elf conjurer (D)
  A deep elf priest (D)
  A flying skull (D)
  A deep elf mage (D)
  A yak (D)
  A hungry ghost (D)
  A wolf (D)
  A water moccasin (D)
  A brain worm (D)
  A crimson imp (D)
  3 quasits (D)
  An iron imp (D)
  2 mummies (D)
  2 adders (D)
  A river rat (D)
  2 shadow imps (D)
  2 white imps (D)
  2 ufetubi (D)
  A ball python (D)
  A ball python skeleton (D)
33 creatures vanquished.

Vanquished Creatures (collateral kills)
  A raiju (D)
  A fungus (D)
2 creatures vanquished.

Grand Total: 35 creatures vanquished

Notes
Turn   | Place    | Note
--------------------------------------------------------------
     0 | D        | BluebellGnoll, the Formicid Earth Elementalist, began the quest for the Orb.
     0 | D        | Reached XP level 1. HP: 13/13 MP: 3/3
     0 | D        | Found a viscous altar of Jiyva.
     0 | D        | Found a corrupted altar of Lugonu.
     0 | D        | Found a white marble altar of Elyvilon.
     2 | D        | Found a sparkling altar of Nemelex Xobeh.
     2 | D        | Found a burning altar of Makhleb.
     3 | D        | Found a deep blue altar of Sif Muna.
     3 | D        | Found a bloodstained altar of Trog.
     6 | D        | Found an iron altar of Okawaru.
    21 | D        | Found a radiant altar of Vehumet.
    30 | D        | Found a basalt altar of Yredelemnul.
    31 | D        | Found a shimmering altar of Xom.
    51 | D        | Became a worshipper of Makhleb the Destroyer
    55 | D        | Reached skill level 9 in Earth Magic
    55 | D        | Reached XP level 2. HP: 19/19 MP: 5/5
    59 | D        | Learned a level 2 spell: Stoneskin
    61 | D        | Entered arena 1.
    61 | D        | Noticed a quasit
    63 | D        | Reached skill level 1 in Axes
    63 | D        | Killed a quasit
    63 | D        | Reached XP level 3. HP: 22/24 MP: 6/6
    71 | D        | Learned a level 3 spell: Stone Arrow
    90 | D        | Entered arena 2.
    90 | D        | Noticed a wolf
    90 | D        | Noticed a yak
    93 | D        | Killed a wolf
    93 | D        | Acquired Makhleb's first power
    93 | D        | Reached XP level 4. HP: 28/45 MP: 7/7
    93 | D        | Reached XP level 5. HP: 31/51 MP: 8/8
    95 | D        | Killed a yak
    95 | D        | Acquired Makhleb's second power
    95 | D        | Reached skill level 11 in Fighting
    95 | D        | Reached XP level 6. HP: 28/62 MP: 9/9
   363 | D        | Entered arena 3.
   363 | D        | Noticed a water moccasin
   370 | D        | Killed a water moccasin
   370 | D        | Acquired Makhleb's third power
   370 | D        | Reached skill level 10 in Earth Magic
   370 | D        | Reached XP level 7. HP: 55/68 MP: 9/12
   406 | D        | Learned a level 5 spell: Lee's Rapid Deconstruction
   406 | D        | Entered arena 4.
   406 | D        | Noticed an iron imp
   406 | D        | Noticed a quasit
   406 | D        | Noticed a quasit
   407 | D        | Killed an iron imp
   407 | D        | Acquired Makhleb's fourth power
   407 | D        | Killed a quasit
   407 | D        | Reached skill level 5 in Axes
   411 | D        | Killed a quasit
   411 | D        | Reached skill level 12 in Fighting
   423 | D        | Entered arena 5.
   423 | D        | Noticed a deep elf mage
   423 | D        | Noticed a deep elf priest
   423 | D        | Noticed a deep elf conjurer
   423 | D        | Noticed a deep elf sorcerer
   424 | D        | Killed a deep elf priest
   424 | D        | Reached XP level 8. HP: 76/78 MP: 4/13
   429 | D        | Killed a deep elf conjurer
   429 | D        | Acquired Makhleb's fifth power
   429 | D        | Reached skill level 13 in Fighting
   430 | D        | Killed a deep elf mage
   430 | D        | Reached skill level 14 in Fighting
   431 | D        | Noticed a sun demon
   433 | D        | Noticed a smoke demon
   433 | D        | Killed a deep elf sorcerer
   433 | D        | Reached skill level 15 in Fighting
   433 | D        | Reached XP level 9. HP: 76/91 MP: 5/14
   491 | D        | Entered arena 6.
   491 | D        | Noticed a large abomination
   491 | D        | Noticed a raiju
   491 | D        | Noticed an unseen horror
   491 | D        | Noticed a brain worm
   491 | D        | Noticed a large abomination
   494 | D        | Killed a brain worm
   497 | D        | Killed a large abomination
   497 | D        | Reached skill level 5 in Spellcasting
   497 | D        | Reached XP level 10. HP: 98/98 MP: 14/18
   499 | D        | Killed an unseen horror
   500 | D        | Killed a raiju
   501 | D        | Killed a large abomination
   666 | D        | Learned a level 4 spell: Petrify
   666 | D        | Entered arena 7.
   666 | D        | Noticed a large abomination
   666 | D        | Noticed a crimson imp
   666 | D        | Noticed a lich
   674 | D        | Noticed an Ice Fiend
   676 | D        | Killed a lich
   676 | D        | Reached XP level 11. HP: 104/104 MP: 23/23
   677 | D        | Killed a large abomination
   677 | D        | Killed a crimson imp
   685 | D        | Got the ring "Ciaweam" {rF+ rN+ Dex+3}
   693 | D        | Entered arena 8.
   693 | D        | Noticed a greater mummy
   693 | D        | Noticed a mummy priest
   693 | D        | Noticed a flying skull
   695 | D        | Noticed a jiangshi
   699 | D        | Killed a flying skull
   700 | D        | Noticed a death scarab
   700 | D        | Noticed a death scarab
   703 | D        | Noticed an emperor scorpion
   703 | D        | Noticed an emperor scorpion
   703 | D        | Noticed an emperor scorpion
   703 | D        | Noticed an emperor scorpion
   703 | D        | Slain by a death scarab

Action                   |  1- 3 |  4- 6 |  7- 9 | 10-12 || total
-------------------------+-------+-------+-------+-------++-------
Melee: Broad axe         |     3 |     8 |    14 |    17 ||    42
 Cast: Lee's Rapid Decon |       |       |     2 |     3 ||     5
       Stoneskin         |       |       |       |     1 ||     1
Evoke: Wand              |       |       |     4 |     1 ||     5
       Deck              |       |       |       |     1 ||     1
       Disc of storms    |       |       |       |     1 ||     1
  Use: Potion            |     1 |       |     1 |       ||     2
 Stab: Distracted        |       |       |       |     1 ||     1
